Warning! The script has encountered some errors when parsing the replay. Please report them to the . » details
          0x00, prev: 0x16: 16 02 01 00 D3 44 00 00 1D BF 00 00 [00] 00 00 00 00 00 00 00 00 00 00 00 00 00 00 00 00 00 00 00 00 00 00 00 00 00 
0x00, prev: 0x00: 16 02 01 00 D3 44 00 00 1D BF 00 00 00 00 00 00 00 00 00 00 00 00 00 00 00 00 00 00 00 00 00 00 00 00 00 00 [00] 00 
0x00, prev: 0x02: 16 02 01 00 8A 43 00 00 E9 04 02 00 00 00 00 00 00 00 00 00 00 00 00 00 00 00 00 00 00 00 00 00 00 00 00 00 02 [00] 
        General information
			
			
        
        - name: BNet
 
        - type: Ladder team game (AT/RT)
 
        - host: Battle.net
 
        - saver: BruceWillisUSA
 
        
map: Highperch 
        - players: 6
 
        - length: 20:13
 
        - speed: Fast
 - version: 1.22 W3XP
 - replay type:  Public
 
» download(117 KB)
Players
        team 1 (winner) 
              
              
BruceWillisUSA (
pink | 65 APM | 1307 actions | 20:13)
              
 3 Archmage 
 2 Blizzard
 1 Brilliance Aura
 2 Dark Ranger 
 1 Silence
 1 Life Drain
 
                » actions 
                
                | Assign group hotkey | 34 |  | 
| Basic commands | 19 |  | 
| Build / train | 106 |  | 
| ESC pressed | 4 |  | 
| Enter build submenu | 67 |  | 
| Enter hero's abilities submenu | 5 |  | 
| Give item / drop item | 4 |  | 
| Remove unit from queue | 1 |  | 
| Right click | 448 |  | 
| Select / deselect | 238 |  | 
| Select group hotkey | 224 |  | 
| Use ability | 157 |  | 
                1307 total
 » units 
                
                | Peasant | 26 |  | 
| Mortar Team | 5 |  | 
| Priest | 1 |  | 
                32 total
 » upgrades
                
                | Masonry | 3 |  | 
| Fragmentation Shards | 1 |  | 
| Gunpowder | 3 |  | 
| Magic Sentry | 1 |  | 
| Flare | 1 |  | 
| Sorceress Training | 1 |  | 
| Plating | 0 |  | 
| Armor | 1 |  | 
                11 total
 » buildings
                
                | Altar of Kings | 1 |  | 
| Farm | 6 |  | 
| Lumber Mill | 1 |  | 
| Scout Tower | 73 |  | 
| Guard Tower | 36 |  | 
| Town Hall | 1 |  | 
| Arcane Vault | 2 |  | 
| Keep | 2 |  | 
| Blacksmith | 1 |  | 
| Castle | 1 |  | 
| Workshop | 2 |  | 
| Arcane Sanctum | 1 |  | 
                127 total
 » build order
                00:18 Altar of Kings
00:33 Farm
00:59 Lumber Mill
01:23 Farm
02:44 Farm
02:47 Scout Tower
02:49 Scout Tower
02:51 Scout Tower
02:53 Scout Tower
03:18 Guard Tower
03:20 Guard Tower
03:27 Scout Tower
03:29 Scout Tower
03:31 Scout Tower
03:32 Scout Tower
03:54 Guard Tower
03:56 Scout Tower
03:58 Guard Tower
03:59 Scout Tower
04:01 Scout Tower
04:03 Scout Tower
04:05 Guard Tower
04:25 Guard Tower
04:39 Scout Tower
04:41 Scout Tower
04:42 Guard Tower
04:43 Guard Tower
04:47 Scout Tower
04:50 Scout Tower
04:52 Guard Tower
05:09 Guard Tower
05:11 Scout Tower
05:12 Scout Tower
05:27 Guard Tower
05:30 Scout Tower
05:32 Scout Tower
06:01 Guard Tower
06:17 Scout Tower
06:18 Scout Tower
06:20 Scout Tower
06:21 Guard Tower
06:30 Town Hall
06:33 Scout Tower
06:38 Guard Tower
06:42 Scout Tower
06:46 Scout Tower
06:47 Scout Tower
06:48 Scout Tower
06:49 Scout Tower
07:07 Arcane Vault
07:18 Arcane Vault
07:38 Keep
07:38 Keep
07:46 Guard Tower
08:06 Guard Tower
08:25 Blacksmith
08:39 Scout Tower
08:40 Scout Tower
08:41 Scout Tower
08:42 Scout Tower
08:42 Scout Tower
09:11 Guard Tower
09:39 Guard Tower
09:43 Scout Tower
09:44 Scout Tower
09:45 Scout Tower
10:05 Castle
10:08 Workshop
10:10 Guard Tower
10:25 Guard Tower
11:14 Guard Tower
11:18 Workshop
11:52 Farm
12:37 Guard Tower
12:44 Guard Tower
13:34 Arcane Sanctum
14:16 Scout Tower
14:17 Scout Tower
14:18 Scout Tower
14:30 Farm
14:59 Scout Tower
15:01 Scout Tower
15:02 Scout Tower
15:03 Scout Tower
15:03 Scout Tower
15:09 Guard Tower
15:13 Scout Tower
15:14 Scout Tower
15:16 Guard Tower
15:31 Guard Tower
15:32 Scout Tower
15:33 Scout Tower
16:20 Guard Tower
16:54 Guard Tower
17:04 Guard Tower
17:07 Scout Tower
17:08 Scout Tower
17:10 Scout Tower
17:11 Scout Tower
17:12 Scout Tower
17:13 Scout Tower
17:14 Scout Tower
17:15 Scout Tower
17:16 Scout Tower
17:19 Scout Tower
17:20 Scout Tower
17:21 Scout Tower
17:22 Scout Tower
17:25 Scout Tower
17:26 Scout Tower
17:27 Scout Tower
17:28 Scout Tower
17:28 Scout Tower
17:28 Scout Tower
17:39 Guard Tower
18:00 Farm
18:06 Guard Tower
18:26 Guard Tower
18:49 Guard Tower
19:13 Guard Tower
19:16 Guard Tower
19:19 Scout Tower
19:20 Scout Tower
19:20 Scout Tower
19:21 Scout Tower
19:21 Scout Tower
19:23 Guard Tower
» items
                
                | Boots of Speed | 1 |  | 
| Scroll of Regeneration | 2 |  | 
| Lesser Clarity Potion | 1 |  | 
| Ivory Tower | 9 |  | 
| Potion of Invisibility | 2 |  | 
| Staff of Teleportation | 1 |  | 
                16 total
  
               
              
              
» 
KAKAROTO_BR (
purple | 40 APM | 812 actions | 20:12)
              
 3 Shadow Hunter 
 2 Healing Wave
 1 Serpent Ward
 
                » actions 
                
                | Assign group hotkey | 14 |  | 
| Build / train | 54 |  | 
| Enter build submenu | 15 |  | 
| Enter hero's abilities submenu | 3 |  | 
| Right click | 262 |  | 
| Select / deselect | 162 |  | 
| Select group hotkey | 267 |  | 
| Use ability | 35 |  | 
                812 total
 » units 
                
                | Peon | 11 |  | 
| Grunt | 3 |  | 
| Troll Headhunter/Berserker | 8 |  | 
| Raider | 2 |  | 
| Shaman | 8 |  | 
| Wind Rider | 10 |  | 
                42 total
 » upgrades
                
                | Shaman Training | 2 |  | 
| Ensnare | 1 |  | 
| Ranged Weapons | 1 |  | 
                4 total
 » buildings
                
                | Altar of Storms | 1 |  | 
| Orc Burrow | 8 |  | 
| Barracks | 1 |  | 
| War Mill | 1 |  | 
| Stronghold | 1 |  | 
| Great Hall | 1 |  | 
| Beastiary | 3 |  | 
| Fortress | 1 |  | 
| Spirit Lodge | 1 |  | 
                18 total
 » build order
                00:23 Altar of Storms
00:43 Orc Burrow
00:55 Barracks
01:53 Orc Burrow
02:06 War Mill
02:58 Orc Burrow
03:55 Stronghold
04:05 Orc Burrow
05:43 Great Hall
06:49 Beastiary
06:50 Beastiary
06:52 Fortress
07:37 Spirit Lodge
08:33 Orc Burrow
08:33 Orc Burrow
08:34 Orc Burrow
10:45 Orc Burrow
11:30 Beastiary
» items
                 
               
              
              
» 
wc4ever (
red | 48 APM | 972 actions | 20:12)
              
 3 Crypt Lord 
 2 Carrion Beetles
 1 Spiked Carapace
 
                » actions 
                
                | Assign group hotkey | 25 |  | 
| Basic commands | 94 |  | 
| Build / train | 41 |  | 
| ESC pressed | 1 |  | 
| Enter build submenu | 21 |  | 
| Enter hero's abilities submenu | 3 |  | 
| Right click | 270 |  | 
| Select / deselect | 222 |  | 
| Select group hotkey | 272 |  | 
| Use ability | 23 |  | 
                972 total
 » units 
                
                | Acolyte | 5 |  | 
| Ghoul | 4 |  | 
| Crypt Fiend | 8 |  | 
| Frost Wyrm | 6 |  | 
                23 total
 » upgrades
                
                | Creature Attack | 3 |  | 
| Creature Carapace | 3 |  | 
| Web | 1 |  | 
| Freezing Breath | 1 |  | 
                8 total
 » buildings
                
                | Altar of Darkness | 1 |  | 
| Ziggurat | 9 |  | 
| Crypt | 1 |  | 
| Graveyard | 1 |  | 
| Nerubian Tower | 1 |  | 
| Tomb of Relics | 1 |  | 
| Halls of the Dead | 1 |  | 
| Black Citadel | 1 |  | 
| Sacrificial Pit | 2 |  | 
| Boneyard | 3 |  | 
                21 total
 » build order
                00:09 Altar of Darkness
00:13 Ziggurat
00:38 Crypt
01:01 Ziggurat
01:36 Graveyard
01:54 Nerubian Tower
03:19 Ziggurat
05:13 Ziggurat
05:20 Tomb of Relics
06:51 Halls of the Dead
09:13 Black Citadel
09:18 Sacrificial Pit
11:44 Sacrificial Pit
11:50 Boneyard
11:52 Boneyard
11:56 Boneyard
12:03 Ziggurat
15:01 Ziggurat
15:08 Ziggurat
17:55 Ziggurat
18:18 Ziggurat
» items
                
                | Orb of Corruption | 1 |  | 
| Potion of Healing | 1 |  | 
                2 total
  
               team 2 (loser) 
              
              
» 
K.K. (
teal | 53 APM | 1062 actions | 19:58)
              
 3 Death Knight 
 1 Death Coil
 2 Unholy Aura
 2 Dark Ranger 
 1 Black Arrow
 1 Life Drain
 
                » actions 
                
                | Assign group hotkey | 16 |  | 
| Basic commands | 28 |  | 
| Build / train | 43 |  | 
| Enter build submenu | 17 |  | 
| Enter hero's abilities submenu | 5 |  | 
| Right click | 430 |  | 
| Select / deselect | 229 |  | 
| Select group hotkey | 253 |  | 
| Use ability | 40 |  | 
                1062 total
 » units 
                
                | Acolyte | 4 |  | 
| Ghoul | 5 |  | 
| Crypt Fiend | 9 |  | 
| Razormane Medicine Man | 1 |  | 
| Frost Wyrm | 3 |  | 
                22 total
 » upgrades
                
                | Creature Attack | 2 |  | 
| Web | 1 |  | 
| Creature Carapace | 2 |  | 
| Freezing Breath | 1 |  | 
                6 total
 » buildings
                
                | Altar of Darkness | 1 |  | 
| Ziggurat | 7 |  | 
| Crypt | 1 |  | 
| Nerubian Tower | 1 |  | 
| Graveyard | 1 |  | 
| Tomb of Relics | 1 |  | 
| Spirit Tower | 1 |  | 
| Halls of the Dead | 1 |  | 
| Sacrificial Pit | 1 |  | 
| Black Citadel | 1 |  | 
| Boneyard | 2 |  | 
                18 total
 » build order
                00:25 Altar of Darkness
00:28 Ziggurat
00:34 Crypt
01:23 Ziggurat
01:26 Nerubian Tower
01:49 Graveyard
02:26 Tomb of Relics
03:11 Spirit Tower
03:33 Ziggurat
04:28 Ziggurat
05:21 Halls of the Dead
07:06 Ziggurat
08:37 Sacrificial Pit
08:56 Ziggurat
09:03 Black Citadel
11:25 Boneyard
11:28 Boneyard
12:08 Ziggurat
» items
                
                | Rod of Necromancy | 1 |  | 
| Scroll of Town Portal | 2 |  | 
| Scroll of Healing | 1 |  | 
                4 total
  
               
              
              
Chaos] (
orange | 133 APM | 2679 actions | 20:11)
              
 3 Archmage 
 2 Summon Water Elemental
 1 Brilliance Aura
 2 Mountain King 
 1 Storm Bolt
 1 Bash
 
                » actions 
                
                | Assign group hotkey | 44 |  | 
| Build / train | 61 |  | 
| Enter build submenu | 24 |  | 
| Enter hero's abilities submenu | 5 |  | 
| Give item / drop item | 4 |  | 
| Remove unit from queue | 1 |  | 
| Right click | 907 |  | 
| Select / deselect | 341 |  | 
| Select group hotkey | 1225 |  | 
| Use ability | 67 |  | 
                2679 total
 » units 
                
                | Peasant | 17 |  | 
| Rifleman | 7 |  | 
| Mortar Team | 3 |  | 
| Priest | 3 |  | 
| Gryphon Rider | 5 |  | 
| Dragonhawk Rider | 4 |  | 
                39 total
 » upgrades
                
                | Gunpowder | 2 |  | 
| Priest Training | 2 |  | 
| Lumber Harvesting | 2 |  | 
| Flare | 1 |  | 
| Storm Hammers | 1 |  | 
| Swords | 1 |  | 
| Cloud | 1 |  | 
| Armor | 1 |  | 
                11 total
 » buildings
                
                | Altar of Kings | 1 |  | 
| Farm | 9 |  | 
| Blacksmith | 1 |  | 
| Barracks | 1 |  | 
| Arcane Vault | 1 |  | 
| Keep | 1 |  | 
| Lumber Mill | 1 |  | 
| Arcane Sanctum | 2 |  | 
| Workshop | 2 |  | 
| Castle | 1 |  | 
| Gryphon Aviary | 2 |  | 
| Town Hall | 1 |  | 
| Scout Tower | 1 |  | 
                24 total
 » build order
                00:06 Altar of Kings
00:09 Farm
00:11 Blacksmith
01:14 Barracks
01:31 Farm
02:25 Farm
02:36 Arcane Vault
03:24 Keep
03:58 Farm
04:40 Farm
04:48 Lumber Mill
05:48 Arcane Sanctum
05:49 Arcane Sanctum
06:29 Farm
06:43 Workshop
06:45 Workshop
07:57 Farm
08:44 Castle
09:33 Farm
09:36 Farm
11:19 Gryphon Aviary
11:21 Gryphon Aviary
12:10 Town Hall
18:34 Scout Tower
» items
                 
               
              
              
» 
shasmork (
green | 30 APM | 606 actions | 20:10)
              
 2 Paladin 
 1 Devotion Aura
 1 Divine Shield
 1 Dark Ranger 
 1 Black Arrow
 
                » actions 
                
                | Basic commands | 10 |  | 
| Build / train | 56 |  | 
| ESC pressed | 1 |  | 
| Enter build submenu | 17 |  | 
| Enter hero's abilities submenu | 3 |  | 
| Remove unit from queue | 10 |  | 
| Right click | 344 |  | 
| Select / deselect | 149 |  | 
| Use ability | 16 |  | 
                606 total
 » units 
                
                | Peasant | 5 |  | 
| Footman | 8 |  | 
| Priest | 2 |  | 
| Knight | 9 |  | 
| Rifleman | 10 |  | 
                34 total
 » upgrades
                » buildings
                
                | Farm | 7 |  | 
| Barracks | 1 |  | 
| Lumber Mill | 1 |  | 
| Altar of Kings | 1 |  | 
| Keep | 1 |  | 
| Scout Tower | 1 |  | 
| Blacksmith | 1 |  | 
| Guard Tower | 1 |  | 
| Castle | 1 |  | 
| Arcane Sanctum | 1 |  | 
| Workshop | 1 |  | 
                17 total
 » build order
                00:06 Farm
00:28 Barracks
01:30 Lumber Mill
01:54 Altar of Kings
02:50 Farm
03:37 Farm
03:49 Keep
05:11 Scout Tower
05:24 Blacksmith
05:58 Farm
06:01 Guard Tower
08:51 Farm
08:58 Castle
09:15 Arcane Sanctum
09:53 Workshop
11:28 Farm
13:45 Farm
 
                Chat log
          (00:07 / Allies) BruceWillisUSA: is that what they call goku in brasil?
(00:16 / Allies) KAKAROTO_BR: yea
(00:31 / All) BruceWillisUSA: GOKUUUUUUUUUUUUUUUUUUUUUUUU
(00:34 / All) Chaos]: stfu
(00:39 / All) KAKAROTO_BR: hi 
(00:43 / All) wc4ever: goku is gay
(00:48 / All) KAKAROTO_BR: a lot lol
(00:49 / All) BruceWillisUSA: he has a wife
(00:55 / All) wc4ever: that's what u think
(01:01 / Allies) KAKAROTO_BR: hero rush?
(01:22 / Allies) wc4ever: yea rush that sucker in mid
(01:27 / Allies) wc4ever: usually techer
(02:20 / Allies) wc4ever: pink what u doing...
(02:52 / Allies) wc4ever: what's the meaning of this
(02:59 / Allies) BruceWillisUSA: i must construct the wall of racila unity
(03:05 / Allies) wc4ever: ....
(03:09 / Allies) wc4ever: it's a waste of money
(03:26 / Allies) KAKAROTO_BR: omfg
(03:37 / Allies) KAKAROTO_BR: 1 side pink 
(03:38 / Allies) KAKAROTO_BR: 1 side
(03:41 / Allies) wc4ever: what r u china men?
(03:47 / Allies) wc4ever: the great wall of china?
(04:52 / Allies) wc4ever: get i get ogre of stregth?
(05:45 / Allies) wc4ever: pink get units please
(06:36 / All) wc4ever: lol
(06:45 / All) wc4ever: the greatwall of china
(07:01 / Allies) BruceWillisUSA: u guys beter get siege
(07:04 / Allies) BruceWillisUSA: they will use morts on it
(07:15 / Allies) wc4ever: no shit
(09:15 / Allies) KAKAROTO_BR: red frost?
(09:28 / Allies) wc4ever: yes
(09:36 / Allies) BruceWillisUSA: anyoen getting siege?
(09:40 / Allies) wc4ever: therefore can i have some money
(09:49 / Allies) wc4ever: since u guys took the gold mine
(09:54 / Allies) BruceWillisUSA: u have 1300
(10:01 / Allies) wc4ever: i need more than that
(10:10 / Allies) wc4ever: after i got my black citadel
(10:16 / Allies) BruceWillisUSA: gg
(10:31 / Allies) wc4ever: red told u that's useless
(10:36 / Allies) BruceWillisUSA: back
(11:07 / Allies) KAKAROTO_BR: pink wood pls
(11:15 / Allies) KAKAROTO_BR: tks
(11:37 / Allies) BruceWillisUSA: maybe go hit othwer side
(11:40 / Allies) BruceWillisUSA: since they are busy here
(11:46 / Allies) KAKAROTO_BR: red fast frost pls
(12:39 / Allies) KAKAROTO_BR: more 1 hose frosrt
(12:40 / Allies) BruceWillisUSA: wtf
(12:41 / Allies) BruceWillisUSA: suicide?
(12:42 / Allies) BruceWillisUSA: wow
(12:42 / Allies) KAKAROTO_BR: b
(12:42 / Allies) KAKAROTO_BR: b
(12:43 / Allies) KAKAROTO_BR: b
(12:43 / Allies) KAKAROTO_BR: b
(12:43 / Allies) KAKAROTO_BR: b
(12:50 / Allies) wc4ever: oops
(12:51 / All) K.K.: bad idea
(13:40 / Allies) KAKAROTO_BR: for time 
(13:46 / Allies) wc4ever: ok i need money now
(13:57 / Allies) wc4ever: pink why don't u get some birds
(14:08 / Allies) wc4ever: wood?
(14:12 / Allies) BruceWillisUSA: cuz u souldnt get the seige
(15:28 / Allies) KAKAROTO_BR: comom red
(15:32 / Allies) KAKAROTO_BR: use money 
(15:42 / Allies) wc4ever: building ziggurat
(16:21 / Allies) BruceWillisUSA: stay back
(16:23 / Allies) BruceWillisUSA: dont be a fool
(16:29 / Allies) BruceWillisUSA: BACK
(16:49 / Allies) BruceWillisUSA: move ur stuff
(16:51 / Allies) BruceWillisUSA: so my morts are free to move
(17:29 / All) wc4ever: this is gonna be a long game
(17:49 / Allies) BruceWillisUSA: thety getting cloud
(19:25 / Allies) wc4ever: thx
(19:40 / Allies) BruceWillisUSA: let him cloud then ill silcence
(19:41 / Allies) BruceWillisUSA: fight
(20:00 / All) BruceWillisUSA: rofl
(20:02 / All) BruceWillisUSA: nice play
(20:03 / All) BruceWillisUSA: butt licker
(20:07 / All) shasmork: team of noobs
(20:08 / All) BruceWillisUSA: ever heard of silence?
(20:11 / All) Chaos]: gg